 Dungeon Crawl Stone Soup version 0.19-a0-1193-g2641e52 (webtiles) character file.

227 junb69 the Slasher (level 6, 0/33 HPs)
             Began as a Vine Stalker Gladiator on Aug 19, 2016.
             Slain by a gnoll
             ... wielding a +4 halberd of flaming
              (1 damage)
             ... on level 3 of the Dungeon.
             The game lasted 00:06:27 (1886 turns).

junb69 the Slasher (Vine Stalker Gladiator)         Turns: 1886, Time: 00:06:28

Health: 0/33       AC:  7    Str: 19    XL:     6   Next: 2%
Magic:  0/7        EV: 12    Int:  8    God:
Gold:   60         SH:  0    Dex: 15    Spells: 0 memorised, 5 levels left

rFire  . . .     SeeInvis +     a - +0 long sword
rCold  . . .     Gourm    .     s - +0 ring mail
rNeg   . . .     Faith    .     (no shield)
rPois  .         Spirit   +     b - +0 helmet
rElec  .         Dismiss  .     (no cloak)
rCorr  .         Reflect  .     h - +0 pair of gloves (curse)
MR     .....     Harm     .     (no boots)
Stlth  +.........               (no amulet)
                                (no ring)
                                i - ring of see invisible

@: no status effects
A: fangs 2, regeneration 2, magic shield, antimagic bite, no device heal 3, rot
immunity
a: no special abilities


You were on level 3 of the Dungeon.
You were not hungry.

You visited 1 branch of the dungeon, and saw 3 of its levels.

You collected 60 gold pieces.

Inventory:

Hand Weapons
 a - a +0 long sword (weapon)
Missiles
 d - a throwing net (quivered)
Armour
 b - a +0 helmet (worn)
 h - a cursed +0 pair of gloves (worn)
 s - a +0 ring mail (worn)
Jewellery
 i - a ring of see invisible (left hand)
Scrolls
 e - a scroll of identify {unknown}
 m - a scroll of enchant armour {unknown}
 n - 2 scrolls of teleportation {unknown}
 o - a scroll of recharging {unknown}
 r - 2 scrolls of remove curse {unknown}
Potions
 j - a potion of heal wounds {unknown}
 k - a potion of degeneration {unknown}
 l - 2 potions of lignification {unknown}
 q - a potion of ambrosia {unknown}
Comestibles
 c - 2 chunks of flesh
 f - 3 bread rations
 p - 4 fruits


   Skills:
 * Level 4.1 Fighting
 * Level 4.4 Long Blades
 - Level 1.7 Throwing
 - Level 2.4 Dodging


You had 5 spell levels left.
You didn't know any spells.

Dungeon Overview and Level Annotations

Branches:
Dungeon (3/15)

Altars:


Innate Abilities, Weirdness & Mutations

You have extremely sharp teeth.
You heal very quickly.
When hurt, damage is shared between your health and your magic reserves.
Your bite disrupts and absorbs the magic of your enemies.
Potions and wands cannot restore your health.
You are immune to rotting.


Message History

Your experience leads to an increase in your attributes!
Increase (S)trength, (I)ntelligence, or (D)exterity?
You feel agile.
You begin to heal more quickly.
A gnoll comes into view. It is wielding a halberd of flaming.
The gnoll shouts!
You see here a robe.
The gnoll hits you from afar with a halberd of flaming!
The gnoll burns you.
You see here a robe.
The gnoll hits you with a halberd of flaming.
The gnoll burns you.
You see here a glowing ring mail.
You hit the gnoll.
The gnoll is lightly wounded.
The gnoll hits you with a halberd of flaming!!
Ouch! That really hurt!
* * * LOW HITPOINT WARNING * * *
The gnoll burns you.
You die...

#≈P≈♣≈≈♣PP#)#########).
#PPP≈≈≈♣PP≈P#### ###..
#..PP≈≈♣≈≈PPPP## #....
##..P.PP♣≈≈≈PP.###....
#.....≈PPP≈♣≈≈P.......
##....≈.PPP≈P.#####
#.#..#≈P≈P≈≈.#
#[##.###.≈...# #@##.#
##....# #g##.# ######
#S.#.# .#.#.# . .#.# ##
.#.# ...# ..


You could see a gnoll and an adder.

Vanquished Creatures
  An orc priest (D:3)
  Terence (D:3)
  Natasha (twice) (D:2)
  Robin (D:3)
  A gnoll (D:3)
  5 adders
  A worm (D:2)
  A dart slug (D:2)
  2 giant geckos (D:2)
  An orc (D:3)
  4 bats
  3 giant cockroaches
  12 goblins
  7 hobgoblins
  A ball python (D:1)
  4 giant newts
  6 kobolds
  3 rats
56 creatures vanquished.

Vanquished Creatures (others)
  A plant (D:3)
1 creature vanquished.

Grand Total: 57 creatures vanquished

Notes
Turn   | Place    | Note
-------+----------+-------------------------------------------
     0 | D:1      | junb69 the Vine Stalker Gladiator began the quest for the Orb.
     0 | D:1      | Reached XP level 1. HP: 11/11 MP: 2/2
   189 | D:1      | Reached XP level 2. HP: 15/15 MP: 3/3
   609 | D:2      | Reached XP level 3. HP: 14/19 MP: 2/4
   976 | D:2      | Noticed Natasha
  1012 | D:2      | Killed Natasha
  1012 | D:2      | Reached XP level 4. HP: 24/24 MP: 5/5
  1041 | D:2      | Noticed Natasha
  1054 | D:2      | Killed Natasha
  1395 | D:3      | Reached XP level 5. HP: 28/28 MP: 6/6
  1425 | D:3      | Noticed Robin
  1444 | D:3      | Killed Robin
  1590 | D:3      | Noticed Terence
  1605 | D:3      | Killed Terence
  1880 | D:3      | Gained mutation: You heal very quickly. [Vine Stalker growth]
  1880 | D:3      | Reached XP level 6. HP: 29/33 MP: 7/7
  1886 | D:3      | HP: 1/33 [gnoll/halberd of flaming (17)]
  1886 | D:3      | Slain by a gnoll

Vault maps used:
D:1:      dpeg_arrival_ternary
D:2:      nicolae_overflow_hidden_temple, uniq_natasha
D:3:      fiery_altar_vehumet, serial_bayou_lagoon_a, minmay_bisected,
          uniq_robin, uniq_terence

Skill      XL: |  1  2  3  4  5 |
---------------+----------------+-----
Fighting       | 2 3 4 |  4.1
Long Blades    | 3 4 |  4.4
Throwing       | |  1.7
Dodging        | |  2.4

Action                   |  1- 3 |  4- 6 || total
-------------------------+-------+-------++-------
Melee: Long sword        |   101 |    85 ||   186
       Bite              |    24 |    25 ||    49
       Unarmed           |       |     2 ||     2
Throw: Throwing net      |     1 |     2 ||     3
 Stab: Held in net/web   |     1 |     1 ||     2
  Eat: Chunk             |       |     3 ||     3
Armor: Leather armour    |    20 |       ||    20
       Ring mail         |     8 |    32 ||    40
Dodge: Dodged            |    54 |    46 ||   100
